 Dungeon Sprint DCSS version 0.30.1-9-gdf580d7c3d (webtiles) character file.

Game seed: 3188546350632145072

863 Heoruswealwe the Spear-Bearer (level 7, -3/73 HPs)
             Began as a Minotaur Fighter on Oct 2, 2023.
             Was an Initiate of Gozag.
             Slain by an eight-headed hydra (10 damage)
             ... in the Dungeon (Sprint IX: "|||||||||||||||||||||||||||||").
             The game lasted 00:03:02 (193 turns).

Heoruswealwe the Spear-Bearer (Minotaur Fighter)     Turns: 193, Time: 00:03:04

Health: -3/73      AC: 16    Str: 22    XL:     7   Next: 72%
Magic:  6/6        EV:  8    Int:  5    God:    Gozag
Gold:   81         SH:  0    Dex: 10    Spells: 6/6 levels left

rFire   . . .        b - +2 halberd (venom)
rCold   . . .        (shield currently unavailable)
rNeg    . . .        c - +1 chain mail
rPois   .            (helmet restricted)
rElec   .            (no cloak)
rCorr   .            (no gloves)
SInv    .            e - +0 pair of boots
Will    .....        (no amulet) Stlth
                     k - +2 ring of protection
HPRegen 0.32/turn    (no ring)
MPRegen 0.10/turn

%: no teleportation
@: no status effects
A: horns 2, retaliatory headbutt
a: Renounce Religion, Potion Petition, Call Merchant, Bribe Branch


You were in the Dungeon.
You worshipped Gozag.
Gozag was noncommittal.
You visited 1 branch You collected 81 gold pieces.

Inventory:

Hand Weapons
 a - a +0 trident
 b - a +2 halberd of venom (weapon)
Armour
 c - a +1 chain mail (worn)
 d - a +0 buckler
 e - a +0 pair of boots (worn)
Jewellery
 k - a +2 ring of protection (left hand)
Wands
 h - a wand of iceblast (10)
Scrolls
 j - 2 scrolls of blinking
Potions
 f - 3 potions of heal wounds
 g - a potion of haste
 i - a potion of berserk rage
 l - 5 potions of curing
 v - a potion of might


   Skills:
 + Level 10.8 Fighting
 * Level 14.3 Polearms
 + Level 10.8 Armour
 - Level 3.6 Shields


You had 6 spell levels left.
You didn't know any spells.
Your spell library was empty.

Dungeon Overview and Level Annotations

Branches:
Dungeon (1/1)

Altars:
Cheibriados
Dithmenos
Elyvilon
Fedhas
Gozag
Hepliaklqana
Kikubaaqudgha
Makhleb
Nemelex Xobeh
Okawaru
Qazlal
Ru
Sif Muna
Trog
Uskayaw
Vehumet
Wu Jian
Xom
Yredelemnul
Zin
The Shining One
Jiyva
Lugonu


Innate Abilities, Weirdness & Mutations

You have a pair of horns on your head.
You reflexively headbutt those who attack you in melee.


Message History

You hit the gargoyle.
The gargoyle is heavily damaged.
The gargoyle hurls a stone arrow at you.
The stone arrow hits you.
* * * LOW HITPOINT WARNING * * *
You slice the gargoyle!!
You destroy the gargoyle!
Your Fighting skill increases to level 10!
Your Polearms skill increases to level 13!
Your Armour skill increases to level 10!
You have reached level 7!
The yak gores you.
* * * LOW HITPOINT WARNING * * *
Things that are here:
81 gold pieces; a +0 mace You slash the yak!
The yak is lightly wounded.
The yak is distracted by your dazzling golden aura.
The yak bellows!
You impale the yak!!
The yak looks as sick as possible!
The yak is no longer distracted by gold.
The yak is severely wounded.
The yak closely misses you.
You puncture the yak!
You kill the yak!
Your Polearms skill increases to level 14!
You now have 81 gold pieces.
You open the door.
A shadow, an eight-headed hydra, a gnoll sergeant, a vampire mosquito, a cyclops and a gargoyle come into view.
The gnoll sergeant is wielding a +1 heavy spear.
The gnoll sergeant shouts!
The vampire mosquito buzzes angrily.
The cyclops shouts!
The eight-headed hydra closely misses you.
You furiously retaliate!
You headbutt the eight-headed hydra. The eight-headed hydra bites you.
* * * LOW HITPOINT WARNING * * *
The eight-headed hydra closely misses you.
The eight-headed hydra bites you!
You die...
Your body crumbles into a pile of gold.

▓.▓
▓$▓
$
▓.▓
$
▓$▓
$ $
▓.▓
$
▓.▓
$ $
▓.▓
$
▓.▓
$
▓@▓
▓D▓
▓W▓
▓g▓
▓y▓
▓C▓
▓9▓
▓+▓


You could see an eight-headed hydra, a cyclops, a vampire mosquito, a gargoyle,
a gnoll sergeant and a shadow.

Vanquished Creatures
  A gargoyle (D)
  A troll (D)
  A yak (D)
  An orc warrior (D)
  A killer bee (D)
  An orc wizard (D)
  4 adders (D)
  An ufetubus (D)
  A ball python (D)
  An endoplasm (D)
  A hobgoblin (D)
  A quokka (D)
  A rat (D)
16 creatures vanquished.

Notes
Turn   | Place    | Note
-------+----------+-------------------------------------------
     0 | D        | Heoruswealwe the Minotaur Fighter began the quest for the
                  | Orb.
     0 | D        | Reached XP level 1. HP: 19/19 MP: 0/0
     9 | D        | Reached skill level 3 in Polearms
    57 | D        | Reached skill level 4 in Polearms
    57 | D        | Reached XP level 2. HP: 24/28 MP: 1/1
    63 | D        | Reached skill level 5 in Fighting
    63 | D        | Reached skill level 5 in Polearms
    65 | D        | Reached skill level 5 in Armour
    65 | D        | Reached XP level 3. HP: 26/36 MP: 2/2
    72 | D        | Reached skill level 6 in Polearms
    84 | D        | Found a snail-covered altar of Cheibriados.
    84 | D        | Found a shadowy altar of Dithmenos.
    84 | D        | Found a white marble altar of Elyvilon.
    84 | D        | Found a blossoming altar of Fedhas.
    84 | D        | Found an opulent altar of Gozag.
    85 | D        | Found a hazy altar of Hepliaklqana.
    86 | D        | Found a viscous altar of Jiyva.
    87 | D        | Found an ancient bone altar of Kikubaaqudgha.
    88 | D        | Found a corrupted altar of Lugonu.
    89 | D        | Found a burning altar of Makhleb.
    90 | D        | Found a sparkling altar of Nemelex Xobeh.
    91 | D        | Found an iron altar of Okawaru.
    92 | D        | Became a worshipper of Gozag Ym Sagoz the Greedy
    93 | D        | Found a stormy altar of Qazlal.
    94 | D        | Found a sacrificial altar of Ru.
    95 | D        | Found a shimmering blue altar of Sif Muna.
    96 | D        | Found a bloodstained altar of Trog.
    97 | D        | Found a hide-covered altar of Uskayaw.
    98 | D        | Found a radiant altar of Vehumet.
    99 | D        | Found an ornate altar of the Wu Jian Council.
   100 | D        | Found a shimmering altar of Xom.
   101 | D        | Found a basalt altar of Yredelemnul.
   102 | D        | Found a glowing silver altar of Zin.
   103 | D        | Found a glowing golden altar of the Shining One.
   162 | D        | Noticed an orc warrior
   162 | D        | Noticed a troll
   162 | D        | Noticed a killer bee
   162 | D        | Noticed a gargoyle
   162 | D        | Noticed a yak
   168 | D        | Killed an orc warrior
   169 | D        | Reached skill level 8 in Polearms
   169 | D        | Reached XP level 4. HP: 28/47 MP: 3/3
   169 | D        | Reached XP level 5. HP: 31/52 MP: 4/4
   172 | D        | Killed a troll
   173 | D        | Reached skill level 11 in Polearms
   173 | D        | Reached XP level 6. HP: 21/62 MP: 5/5
   180 | D        | Reached skill level 12 in Polearms
   182 | D        | Killed a gargoyle
   183 | D        | Reached skill level 10 in Fighting
   183 | D        | Reached skill level 13 in Polearms
   183 | D        | Reached skill level 10 in Armour
   183 | D        | Reached XP level 7. HP: 11/73 MP: 6/6
   186 | D        | Killed a yak
   187 | D        | Reached skill level 14 in Polearms
   192 | D        | Noticed a shadow
   192 | D        | Noticed an eight-headed hydra
   192 | D        | Noticed a vampire mosquito
   192 | D        | Noticed a cyclops
   192 | D        | Noticed a gargoyle
   193 | D        | Slain by an eight-headed hydra

Illustrated notes

Levels and vault maps discovered:
D:        linesprint [early_d, line_temple, items_1, d_10, items_2, lair_1,
          lair_end, items_3, orc_1, orc_end, items_4, d_15, swamp_1, shoals_1,
          snake_1, spider_1, d_20, vaults_1, items_5, swamp_end, shoals_end,
          snake_end, spider_end, vaults_end, d_27, items_6, zot_1, zot_end,
          crypt_end, forest_end, elf_end, slime_end, tomb_end, abyss_end,
          pan_hell_end]

Skill      XL: |  1  2  3  4  5  6  7 |
---------------+----------------------+-----
Polearms       | 4 5 8 11 13 14 | 14.3
Fighting       | 4 5 7 8 10 | 10.8
Armour         | 4 5 7 8 10 | 10.8
Shields        | |  3.6

Action                     |  1- 3 |  4- 6 |  7- 9 || total
---------------------------+-------+-------+-------++-------
  Melee: Trident           |    36 |       |       ||    36
         Headbutt          |     5 |     2 |       ||     7
         Halberd           |     6 |    12 |     3 ||    21
 Armour: Scale mail        |    14 |       |       ||    14
         Chain mail        |     2 |     2 |       ||     4
  Dodge: Dodged            |    14 |     9 |     3 ||    26
  Block: Buckler           |    10 |       |       ||    10
